| TOP OF THE 1ST |
|
Pulaski Yankees batting - Pitching for Oakland (APP) Athletics : RHP Hunter Vanderhyden
|
|
Pitching: RHP Hunter Vanderhyden
|
|
|
Batting: LHB Joel Vera
|
0-0: Called Strike 0-1: Foul Ball, location: 2F 0-2: Strikes out looking
|
|
Batting: RHB Colby Macon
|
0-0: Ball 1-0: Called Strike 1-1: Foul Ball, location: 2F 1-2: Strikes out swinging
|
|
Batting: RHB Bobby Melillo
|
0-0: Ball 1-0: SINGLE (Groundball, 56D, EV 103.8 MPH)
|
|
Batting: SHB Blake Abbott
|
0-0: Ball 1-0: Ball Bobby Melillo steals 2nd base 2-0: Foul Ball, location: 2F 2-1: Foul Ball, location: 2F 2-2: Foul Ball, location: 2F 2-2: Foul Ball, location: 2F 2-2: Strikes out swinging
|
| Top of the 1st over - 0 runs, 1 hit, 0 errors, 1 left on base; Pulaski 0 - Oakland (APP) 0 |
| BOTTOM OF THE 1ST |
|
Oakland (APP) Athletics batting - Pitching for Pulaski Yankees : RHP Tony Black
|
|
Pitching: RHP Tony Black
|
|
|
Batting: RHB Colin Coleman
|
0-0: Ball 1-0: Foul Ball, location: 2F 1-1: Ball 2-1: Swinging Strike 2-2: Strikes out swinging
|
|
Batting: RHB Walt Alaniz
|
0-0: Ball 1-0: Swinging Strike 1-1: Ball 2-1: SINGLE (Line Drive, 78S, EV 100.6 MPH)
|
|
Batting: RHB Steve Blackshear
|
0-0: Ball 1-0: Ball 2-0: Foul Ball, location: 2F 2-1: Swinging Strike 2-2: Ball 3-2: Base on Balls Walt Alaniz to second
|
|
Batting: RHB Matt Black
|
0-0: Ball 1-0: Called Strike 1-1: Ball 2-1: Called Strike 2-2: Ball 3-2: Foul Ball, location: 2F 3-2: Fly out, F8 (Flyball, 8RXD, EV 93.1 MPH) Runner from 2nd tags up, SAFE at 3rd, no throw by CF
|
|
Batting: RHB Josh Whaley
|
0-0: Called Strike 0-1: Ball 1-1: Foul Ball, location: 2F 1-2: Ball 2-2: Strikes out swinging
|
| Bottom of the 1st over - 0 runs, 1 hit, 0 errors, 2 left on base; Pulaski 0 - Oakland (APP) 0 |
| TOP OF THE 2ND |
|
Pulaski Yankees batting - Pitching for Oakland (APP) Athletics : RHP Hunter Vanderhyden
|
|
Batting: LHB Dan Morris
|
0-0: Ball 1-0: Fly out, F7 (Flyball, 7, EV 80.0 MPH)
|
|
Batting: RHB Nick Dunton
|
0-0: Called Strike 0-1: Ball 1-1: Ball 2-1: Foul Ball, location: 2F 2-2: Strikes out swinging
|
|
Batting: SHB Joe Fure
|
0-0: Ball 1-0: Ball 2-0: Ball 3-0: Base on Balls
|
|
Batting: RHB Johannes Gutermuth
|
0-0: Called Strike Joe Fure is caught stealing 2nd base 2-4
|
| Top of the 2nd over - 0 runs, 0 hits, 0 errors, 0 left on base; Pulaski 0 - Oakland (APP) 0 |
| BOTTOM OF THE 2ND |
|
Oakland (APP) Athletics batting - Pitching for Pulaski Yankees : RHP Tony Black
|
|
Batting: RHB Tetsuya Shinoda
|
0-0: Foul Ball, location: 2F 0-1: Ball 1-1: Ground out 5-3 (Groundball, 56, EV 87.5 MPH)
|
|
Batting: RHB Branden Mackie
|
0-0: Foul Ball, location: 2F 0-1: Ball 1-1: Foul Ball, location: 2F 1-2: Fly out, F9 (Flyball, 9D, EV 92.5 MPH)
|
|
Batting: RHB Chris Temple
|
0-0: Foul Ball, location: 2F 0-1: Foul Ball, location: 2F 0-2: Foul Ball, location: 2F 0-2: Ball 1-2: Ball 2-2: Foul Ball, location: 2F 2-2: Fly out, F4 (Popup, 3S, EV 79.4 MPH)
|
| Bottom of the 2nd over - 0 runs, 0 hits, 0 errors, 0 left on base; Pulaski 0 - Oakland (APP) 0 |
| TOP OF THE 3RD |
|
Pulaski Yankees batting - Pitching for Oakland (APP) Athletics : RHP Hunter Vanderhyden
|
|
Batting: RHB Johannes Gutermuth
|
0-0: Called Strike 0-1: Fly out, F3 (Popup, 3S, EV 79.4 MPH)
|
|
Batting: RHB Graham Murphy
|
0-0: Called Strike 0-1: Swinging Strike 0-2: Foul Ball, location: 2F 0-2: Ball 1-2: Ball 2-2: Foul Ball, location: 2F 2-2: Strikes out swinging
|
|
Batting: LHB Joel Vera
|
0-0: Ball 1-0: Ball 2-0: Called Strike 2-1: Ball 3-1: Called Strike 3-2: Base on Balls
|
|
Batting: RHB Colby Macon
|
0-0: Ball 1-0: Called Strike Joel Vera steals 2nd base 1-1: Foul Ball, location: 2F 1-2: Ball 2-2: Ball 3-2: Ground out 4-3 (Groundball, 4, EV 83.8 MPH)
|
| Top of the 3rd over - 0 runs, 0 hits, 0 errors, 1 left on base; Pulaski 0 - Oakland (APP) 0 |
| BOTTOM OF THE 3RD |
|
Oakland (APP) Athletics batting - Pitching for Pulaski Yankees : RHP Tony Black
|
|
Batting: RHB Tim Anderson
|
0-0: Ball 1-0: Called Strike 1-1: Foul Ball, location: 2F 1-2: SINGLE (Line Drive, 7S, EV 99.4 MPH)
|
|
Batting: RHB Colin Coleman
|
0-0: Called Strike 0-1: Foul Ball, location: 2F 0-2: Ball 1-2: SINGLE (Line Drive, 4D, EV 100.6 MPH) Tim Anderson to second
|
|
Batting: RHB Walt Alaniz
|
0-0: Ball 1-0: Grounds into double play, 4-6-3 (Groundball, 4, EV 89.4 MPH) Tim Anderson to third
|
|
Batting: RHB Steve Blackshear
|
0-0: Ball 1-0: Swinging Strike 1-1: DOUBLE (Line Drive, 7LM, EV 102.5 MPH) Tim Anderson scores
|
|
Batting: RHB Matt Black
|
0-0: Called Strike 0-1: Ball 1-1: Swinging Strike 1-2: Foul Ball, location: 2F 1-2: Ball Wild Pitch! Steve Blackshear to third 2-2: Ball 3-2: 2-RUN HOME RUN (Line Drive, 9D, EV 95.0 MPH), Distance : 364 ft
|
|
Batting: RHB Josh Whaley
|
0-0: Swinging Strike 0-1: Called Strike 0-2: Strikes out looking
|
| Bottom of the 3rd over - 3 runs, 4 hits, 0 errors, 0 left on base; Pulaski 0 - Oakland (APP) 3 |
| TOP OF THE 4TH |
|
Pulaski Yankees batting - Pitching for Oakland (APP) Athletics : RHP Hunter Vanderhyden
|
|
Batting: RHB Bobby Melillo
|
0-0: Called Strike 0-1: Ball 1-1: Foul Ball, location: 2F 1-2: Ball 2-2: Ground out 4-3 (Groundball, 4S, EV 77.5 MPH)
|
|
Batting: SHB Blake Abbott
|
0-0: Ball 1-0: Ball 2-0: Swinging Strike 2-1: Foul Ball, location: 2F 2-2: Ground out 4-3 (Groundball, 34, EV 100.6 MPH)
|
|
Batting: LHB Dan Morris
|
0-0: Called Strike 0-1: Called Strike 0-2: Ground out 4-3 (Groundball, 4, EV 82.5 MPH)
|
| Top of the 4th over - 0 runs, 0 hits, 0 errors, 0 left on base; Pulaski 0 - Oakland (APP) 3 |
| BOTTOM OF THE 4TH |
|
Oakland (APP) Athletics batting - Pitching for Pulaski Yankees : RHP Tony Black
|
|
Batting: RHB Tetsuya Shinoda
|
0-0: Foul Ball, location: 2F 0-1: Ball 1-1: Swinging Strike 1-2: Ball 2-2: Foul Ball, location: 2F 2-2: Ball 3-2: Foul Ball, location: 2F 3-2: Strikes out looking
|
|
Batting: RHB Branden Mackie
|
0-0: Ball 1-0: Ball 2-0: Called Strike 2-1: Fly out, F9 (Flyball, 9S, EV 83.8 MPH)
|
|
Batting: RHB Chris Temple
|
0-0: Ball 1-0: SINGLE (Line Drive, 34D, EV 101.9 MPH)
|
|
Batting: RHB Tim Anderson
|
0-0: Ball 1-0: Fly out, F9 (Flyball, 9S, EV 88.1 MPH)
|
| Bottom of the 4th over - 0 runs, 1 hit, 0 errors, 1 left on base; Pulaski 0 - Oakland (APP) 3 |
| TOP OF THE 5TH |
|
Pulaski Yankees batting - Pitching for Oakland (APP) Athletics : RHP Hunter Vanderhyden
|
|
Batting: RHB Nick Dunton
|
0-0: Ball 1-0: Called Strike 1-1: Ball 2-1: Swinging Strike 2-2: Ball 3-2: Base on Balls
|
|
Batting: SHB Joe Fure
|
0-0: Called Strike Nick Dunton is caught stealing 2nd base 2-6 0-1: SINGLE (Flyball, 56D, EV 93.8 MPH)
|
|
Batting: RHB Johannes Gutermuth
|
0-0: Ball Joe Fure steals 2nd base 1-0: Foul Ball, location: 2F 1-1: Called Strike 1-2: Strikes out looking
|
|
Batting: RHB Graham Murphy
|
0-0: Ball 1-0: Ball 2-0: Called Strike 2-1: Foul Ball, location: 2F 2-2: Strikes out looking
|
| Top of the 5th over - 0 runs, 1 hit, 0 errors, 1 left on base; Pulaski 0 - Oakland (APP) 3 |
| BOTTOM OF THE 5TH |
|
Oakland (APP) Athletics batting - Pitching for Pulaski Yankees : RHP Tony Black
|
|
Pitching: RHP Harry McCasland
|
|
|
Batting: RHB Colin Coleman
|
0-0: Called Strike 0-1: Foul Ball, location: 2F 0-2: Ball 1-2: Foul Ball, location: 2F 1-2: Foul Ball, location: 2F 1-2: Fly out, F7 (Flyball, 7S, EV 87.5 MPH)
|
|
Batting: RHB Walt Alaniz
|
0-0: Ball 1-0: Foul Ball, location: 2F 1-1: Ground out 3-1 (Groundball, 34, EV 85.0 MPH)
|
|
Batting: RHB Steve Blackshear
|
0-0: Called Strike 0-1: Ball 1-1: Ball 2-1: Foul Ball, location: 2F 2-2: Ball 3-2: Reached on error, E5 (Groundball, 56, EV 100.0 MPH)
|
|
Batting: RHB Matt Black
|
0-0: Ball Steve Blackshear is caught stealing 2nd base 2-4
|
| Bottom of the 5th over - 0 runs, 0 hits, 1 error, 0 left on base; Pulaski 0 - Oakland (APP) 3 |
| TOP OF THE 6TH |
|
Pulaski Yankees batting - Pitching for Oakland (APP) Athletics : RHP Hunter Vanderhyden
|
|
Pitching: LHP Daniel Aguayo
|
|
|
Batting: LHB Joel Vera
|
0-0: Ball 1-0: Foul Ball, location: 2F 1-1: Ball 2-1: Ball 3-1: Base on Balls
|
|
Batting: RHB Colby Macon
|
0-0: Called Strike Joel Vera is caught stealing 2nd base 2-4 0-1: Ball 1-1: Called Strike 1-2: Fly out, F9 (Flyball, 9LS, EV 91.2 MPH)
|
|
Batting: RHB Bobby Melillo
|
0-0: Ball 1-0: Ball 2-0: DOUBLE (Line Drive, 9LS, EV 88.8 MPH)
|
|
Batting: SHB Blake Abbott
|
0-0: Foul Ball, location: 2F 0-1: Ball 1-1: Ball 2-1: Foul Ball, location: 2F 2-2: Foul Ball, location: 2F 2-2: Ball 3-2: Strikes out swinging
|
| Top of the 6th over - 0 runs, 1 hit, 0 errors, 1 left on base; Pulaski 0 - Oakland (APP) 3 |
| BOTTOM OF THE 6TH |
|
Oakland (APP) Athletics batting - Pitching for Pulaski Yankees : RHP Harry McCasland
|
|
Batting: RHB Matt Black
|
0-0: Swinging Strike 0-1: Ball 1-1: Called Strike 1-2: Ground out 2-3 (Groundball, 2R, EV 68.1 MPH)
|
|
Batting: RHB Josh Whaley
|
0-0: Ball 1-0: Ball 2-0: Ball 3-0: Base on Balls
|
|
Batting: RHB Tetsuya Shinoda
|
0-0: Called Strike 0-1: Ball 1-1: Swinging Strike 1-2: Ball Wild Pitch! Josh Whaley to second 2-2: Ball 3-2: Strikes out swinging
|
|
Batting: RHB Branden Mackie
|
0-0: Ball 1-0: Ball 2-0: Foul Ball, location: 2F 2-1: Swinging Strike 2-2: Ground out 6-3 (Groundball, 6, EV 81.9 MPH)
|
| Bottom of the 6th over - 0 runs, 0 hits, 0 errors, 1 left on base; Pulaski 0 - Oakland (APP) 3 |
| TOP OF THE 7TH |
|
Pulaski Yankees batting - Pitching for Oakland (APP) Athletics : LHP Daniel Aguayo
|
|
Batting: LHB Dan Morris
|
0-0: Ball 1-0: Called Strike 1-1: Ball 2-1: Fly out, F8 (Line Drive, 8RM, EV 93.1 MPH)
|
|
Batting: RHB Nick Dunton
|
0-0: Ball 1-0: Foul Ball, location: 2F 1-1: Called Strike 1-2: Ground out 1-3 (Groundball, 34S, EV 60.0 MPH)
|
|
Batting: SHB Joe Fure
|
0-0: Foul Ball, location: 2F 0-1: Swinging Strike 0-2: Ground out 4-3 (Groundball, 4, EV 90.6 MPH)
|
| Top of the 7th over - 0 runs, 0 hits, 0 errors, 0 left on base; Pulaski 0 - Oakland (APP) 3 |
| BOTTOM OF THE 7TH |
|
Oakland (APP) Athletics batting - Pitching for Pulaski Yankees : RHP Harry McCasland
|
|
Pitching: RHP Cale Morris
|
|
|
Batting: RHB Chris Temple
|
0-0: Swinging Strike 0-1: Foul Ball, location: 2F 0-2: Strikes out swinging
|
|
Batting: RHB Tim Anderson
|
0-0: Called Strike 0-1: Called Strike 0-2: Ball 1-2: Ball 2-2: Strikes out swinging
|
|
Batting: RHB Colin Coleman
|
0-0: DOUBLE (Line Drive, 9LM, EV 112.5 MPH)
|
|
Batting: RHB Walt Alaniz
|
0-0: Ball 1-0: Ball 2-0: Foul Ball, location: 2F 2-1: Ball 3-1: Base on Balls
|
|
Batting: RHB Steve Blackshear
|
0-0: Ball 1-0: Foul Ball, location: 2F 1-1: Foul Ball, location: 2F 1-2: Foul Ball, location: 2F 1-2: Strikes out swinging
|
| Bottom of the 7th over - 0 runs, 1 hit, 0 errors, 2 left on base; Pulaski 0 - Oakland (APP) 3 |
| TOP OF THE 8TH |
|
Pulaski Yankees batting - Pitching for Oakland (APP) Athletics : LHP Daniel Aguayo
|
|
Pitching: LHP Kevin Barteaux
|
|
|
Now in LF: Josh Whaley
|
|
|
Now in CF: Mark Friedmann
|
|
|
Batting: RHB Johannes Gutermuth
|
0-0: Called Strike 0-1: Fly out, F9 (Flyball, 9, EV 73.1 MPH)
|
|
Batting: RHB Graham Murphy
|
0-0: Called Strike 0-1: Ball 1-1: Foul Ball, location: 2F 1-2: Ball 2-2: Ball 3-2: Ground out 5-3 (Groundball, 56, EV 93.8 MPH)
|
|
Batting: LHB Joel Vera
|
0-0: Called Strike 0-1: Ball 1-1: Ball 2-1: Ball 3-1: Ground out 4-3 (Groundball, 4, EV 88.1 MPH)
|
| Top of the 8th over - 0 runs, 0 hits, 0 errors, 0 left on base; Pulaski 0 - Oakland (APP) 3 |
| BOTTOM OF THE 8TH |
|
Oakland (APP) Athletics batting - Pitching for Pulaski Yankees : RHP Cale Morris
|
|
Pitching: RHP Jake Visconti
|
|
|
Batting: RHB Matt Black
|
0-0: Foul Ball, location: 2F 0-1: Foul Ball, location: 2F 0-2: Ball 1-2: Foul Ball, location: 2F 1-2: Ball 2-2: Ball 3-2: Ground out 5-3 (Groundball, 5, EV 80.6 MPH)
|
|
Batting: RHB Josh Whaley
|
0-0: Ball 1-0: Foul Ball, location: 2F 1-1: Ball 2-1: Ball 3-1: Foul Ball, location: 2F 3-2: Base on Balls
|
|
Batting: RHB Tetsuya Shinoda
|
0-0: Swinging Strike 0-1: 2-RUN HOME RUN (Flyball, 89XD, EV 106.9 MPH), Distance : 408 ft
|
|
Batting: RHB Branden Mackie
|
0-0: Ball 1-0: Ball 2-0: Ground out 6-3 (Groundball, 6, EV 86.2 MPH)
|
|
Batting: RHB Chris Temple
|
0-0: Ball 1-0: Ball 2-0: Called Strike 2-1: Ball 3-1: Foul Ball, location: 2F 3-2: Base on Balls
|
|
Batting: RHB Tim Anderson
|
0-0: Ball 1-0: Swinging Strike 1-1: Foul Ball, location: 2F 1-2: Ball 2-2: Strikes out swinging
|
| Bottom of the 8th over - 2 runs, 1 hit, 0 errors, 1 left on base; Pulaski 0 - Oakland (APP) 5 |
| TOP OF THE 9TH |
|
Pulaski Yankees batting - Pitching for Oakland (APP) Athletics : LHP Kevin Barteaux
|
|
Batting: RHB Colby Macon
|
0-0: Called Strike 0-1: Ball 1-1: Ball 2-1: Ball 3-1: Fly out, F8 (Flyball, 8RD, EV 101.2 MPH)
|
|
Batting: RHB Bobby Melillo
|
0-0: Ball 1-0: Called Strike 1-1: Foul Ball, location: 2F 1-2: Fly out, F8 (Flyball, 89S, EV 86.9 MPH)
|
|
Batting: SHB Blake Abbott
|
0-0: Ball 1-0: Ball 2-0: Ball 3-0: Called Strike 3-1: Called Strike 3-2: Base on Balls
|
|
Batting: LHB Dan Morris
|
0-0: Ball 1-0: Fielders Choice at 2nd, 6-4 (Groundball, 6, EV 90.6 MPH)
|
| Top of the 9th over - 0 runs, 0 hits, 0 errors, 1 left on base; Pulaski 0 - Oakland (APP) 5 |
|